[ AOE2 MATCH · #474781912 ]
Team RMBritons vs Wei
[ REPLAY ANALYSIS · EXTRACTED FROM THE RECORDED GAME ]
Feudal
11:40
Castle
17:38
Imperial
36:09
| APM avg | 31.2 |
| APM peak | 64 |
| eAPM avg | 15.0 |
| Villagers / military | 144 / 389 |
Focus
⚔️ 43.5% · 🌾 56.5%
Archer ×387 · Battering Ram ×2
Feudal
12:49
Castle
16:28
Imperial
31:43
| APM avg | 32.8 |
| APM peak | 66 |
| eAPM avg | 24.0 |
| Villagers / military | 176 / 190 |
Focus
⚔️ 29.4% · 🌾 70.6%
Spearman ×95 · Skirmisher ×52 · Mangonel ×31 · Fishing Ship ×15 · Bombard Cannon ×5 · Trebuchet (Packed) ×4
Feudal
11:35
Castle
15:30
Imperial
30:05
| APM avg | 31.8 |
| APM peak | 65 |
| eAPM avg | 18.3 |
| Villagers / military | 112 / 487 |
Focus
⚔️ 37.5% · 🌾 62.5%
Scout Cavalry ×282 · Skirmisher ×111 · Mangudai ×86 · Fishing Ship ×21 · Trebuchet (Packed) ×8
Feudal
11:46
Castle
19:46
Imperial
30:41
| APM avg | 37.8 |
| APM peak | 88 |
| eAPM avg | 25.4 |
| Villagers / military | 129 / 164 |
Focus
⚔️ 51.2% · 🌾 48.8%
Unknown (1920) ×191 · Skirmisher ×157 · Fishing Ship ×21 · Trebuchet (Packed) ×5 · Monk ×2
Feudal
11:48
Castle
15:08
Imperial
32:22
| APM avg | 43.4 |
| APM peak | 70 |
| eAPM avg | 24.5 |
| Villagers / military | 140 / 348 |
Focus
⚔️ 25.5% · 🌾 74.5%
Knight ×237 · Scout Cavalry ×105 · Fishing Ship ×7 · Trade Cart ×6 · Trebuchet (Packed) ×5 · Monk ×1
Feudal
12:02
Castle
18:49
Imperial
29:32
| APM avg | 34.3 |
| APM peak | 77 |
| eAPM avg | 21.5 |
| Villagers / military | 128 / 38 |
Focus
⚔️ 33.7% · 🌾 66.3%
Unknown (1949) ×156 · Scout Cavalry ×35 · Fishing Ship ×21 · Trade Cart ×21 · Unknown (1942) ×14 · Unknown (1954) ×4
Feudal
11:22
Castle
16:33
Imperial
35:19
| APM avg | 34.9 |
| APM peak | 78 |
| eAPM avg | 20.3 |
| Villagers / military | 137 / 117 |
Focus
⚔️ 31.5% · 🌾 68.5%
Skirmisher ×77 · Kamayuk ×18 · Spearman ×12 · Unknown (2550) ×8 · Mangonel ×6 · Trebuchet (Packed) ×3
Feudal
12:12
Castle
16:07
Imperial
30:22
| APM avg | 33.8 |
| APM peak | 76 |
| eAPM avg | 20.2 |
| Villagers / military | 132 / 188 |
Focus
⚔️ 37.1% · 🌾 62.9%
Knight ×95 · Hand Cannoneer ×43 · Trade Cart ×32 · Conquistador ×19 · Bombard Cannon ×11 · Fishing Ship ×10
Match map
Initial resources + every placement click. Lines = walls · curves = elevation contours. ◆ gold · ⬟ stone · ● berries · ✦ relic · ◌ wall gap
Your base· Open — opponent sealed themselves in
hungyh's base· ✓ Closed at 16:28 · 12t walls · 2 gate(s)
_Suko_'s base· Open — opponent sealed themselves in
Yoryi's base· ✓ Closed at 19:46 · 0t walls · no gate
Cambo's base· Open — opponent sealed themselves in
ALmotema's base· ✓ Closed at 18:49 · 6t walls · no gate
reckem3's base· Open — opponent sealed themselves in
下雨天。。。。's base· ✓ Closed at 16:07 · 3t walls · no gate
Smoothed initial terrain · ◌ = detected wall gap · hover for details
Inputs per minute
— Cuchillos Guantanamera - - hungyh
Build order — Cuchillos Guantanamera
First 150 of 373 actions detected
| 0:03 | Research | Loom |
| 0:03 | Create | Villager (Male) ×4 |
| 0:04 | Create | Villager (Male) ×4 |
| 0:05 | Build | House |
| 0:06 | Build | House |
| 0:43 | Build | Palisade Wall |
| 0:53 | Build | Palisade Wall |
| 1:40 | Build | House |
| 2:06 | Create | Villager (Male) |
| 2:06 | Create | Villager (Male) |
| 2:18 | Build | House |
| 2:42 | Build | Palisade Wall |
| 2:51 | Create | Villager (Male) |
| 2:51 | Create | Villager (Male) |
| 3:21 | Build | House |
| 3:21 | Create | Villager (Male) |
| 3:22 | Create | Villager (Male) |
| 3:22 | Create | Villager (Male) |
| 3:22 | Create | Villager (Male) |
| 3:44 | Build | Palisade Wall |
| 3:48 | Create | Villager (Male) |
| 3:48 | Create | Villager (Male) |
| 4:10 | Build | Palisade Wall |
| 4:11 | Create | Villager (Male) |
| 4:12 | Create | Villager (Male) |
| 4:19 | Create | Villager (Male) |
| 4:19 | Create | Villager (Male) |
| 4:28 | Build | House |
| 4:33 | Build | Palisade Wall |
| 4:45 | Create | Villager (Male) |
| 4:45 | Create | Villager (Male) |
| 4:54 | Build | Palisade Wall |
| 4:56 | Build | Palisade Wall |
| 5:27 | Create | Villager (Male) |
| 5:27 | Create | Villager (Male) |
| 6:09 | Create | Villager (Male) |
| 6:09 | Create | Villager (Male) ×3 |
| 6:10 | Create | Villager (Male) ×2 |
| 6:39 | Create | Villager (Male) |
| 6:39 | Create | Villager (Male) |
| 6:39 | Create | Villager (Male) |
| 7:12 | Build | Lumber Camp |
| 7:57 | Build | Mill |
| 8:15 | Create | Villager (Male) ×5 |
| 8:16 | Create | Villager (Male) |
| 9:15 | Research | Feudal Age |
| 9:37 | Build | Barracks |
| 9:46 | Build | House |
| 10:19 | Build | House |
| 10:20 | Build | House |
| 10:55 | Build | Mining Camp |
| 11:12 | Build | Mill |
| 11:17 | Create | Villager (Male) |
| 11:17 | Create | Villager (Male) |
| 11:40 | Age | Feudal Age |
| 12:27 | Create | Villager (Male) |
| 12:27 | Create | Villager (Male) |
| 12:32 | Build | Archery Range |
| 13:17 | Create | Villager (Male) |
| 13:29 | Build | Blacksmith |
| 13:31 | Build | House |
| 13:32 | Create | Archer |
| 13:32 | Create | Archer |
| 13:57 | Create | Villager (Male) |
| 14:04 | Research | Double-Bit Axe |
| 14:08 | Create | Villager (Male) |
| 14:15 | Create | Archer |
| 14:27 | Create | Archer |
| 14:35 | Build | House |
| 14:58 | Research | Castle Age |
| 15:11 | Create | Archer |
| 15:20 | Build | Archery Range |
| 15:34 | Build | House |
| 15:35 | Build | House |
| 15:37 | Build | House |
| 15:43 | Create | Archer |
| 15:52 | Research | Fletching |
| 15:52 | Research | Fletching |
| 16:37 | Build | Farm |
| 16:39 | Create | Archer ×2 |
| 16:46 | Build | House |
| 16:55 | Create | Archer |
| 16:56 | Create | Archer |
| 17:13 | Research | Padded Archer Armor |
| 17:14 | Create | Villager (Male) |
| 17:15 | Create | Villager (Male) |
| 17:16 | Create | Archer |
| 17:17 | Create | Archer |
| 17:17 | Create | Archer |
| 17:18 | Create | Archer |
| 17:28 | Build | House |
| 17:38 | Age | Castle Age |
| 17:47 | Research | Crossbowman (upgrade) |
| 17:54 | Create | Archer |
| 17:54 | Create | Archer |
| 18:08 | Build | Stone Wall |
| 18:12 | Build | Stone Wall |
| 18:21 | Create | Villager (Male) |
| 18:21 | Create | Villager (Male) |
| 18:22 | Create | Villager (Male) |
| 18:41 | Create | Archer ×2 |
| 18:41 | Create | Archer ×2 |
| 18:55 | Research | Horse Collar |
| 19:06 | Create | Archer ×2 |
| 19:06 | Create | Archer ×2 |
| 19:25 | Build | University |
| 19:27 | Create | Archer ×2 |
| 19:27 | Create | Archer ×2 |
| 19:27 | Create | Archer ×2 |
| 19:28 | Create | Villager (Male) |
| 19:29 | Create | Villager (Male) |
| 19:29 | Create | Villager (Male) |
| 19:35 | Build | Farm |
| 19:35 | Build | Farm |
| 19:36 | Build | Farm |
| 19:40 | Build | Farm |
| 19:41 | Build | Farm |
| 19:41 | Build | Farm |
| 19:41 | Build | Farm |
| 20:02 | Create | Archer |
| 20:03 | Create | Archer ×2 |
| 20:03 | Create | Archer |
| 20:23 | Create | Archer ×2 |
| 20:23 | Create | Archer ×2 |
| 20:25 | Create | Villager (Male) |
| 20:26 | Create | Villager (Male) |
| 20:43 | Build | Farm |
| 20:45 | Build | Farm |
| 20:48 | Create | Villager (Male) |
| 20:49 | Create | Villager (Male) |
| 20:58 | Create | Archer |
| 20:59 | Create | Archer |
| 21:00 | Create | Archer |
| 21:01 | Create | Archer |
| 21:01 | Create | Archer |
| 21:16 | Build | House |
| 21:17 | Build | House |
| 21:19 | Build | House |
| 21:25 | Create | Villager (Male) |
| 21:31 | Create | Archer ×2 |
| 22:09 | Research | Bodkin Arrow |
| 22:12 | Create | Archer ×3 |
| 22:12 | Create | Archer ×3 |
| 22:31 | Create | Villager (Male) |
| 22:32 | Create | Villager (Male) |
| 22:44 | Build | House |
| 22:45 | Build | House |
| 22:48 | Build | House |
| 22:50 | Build | House |
| 22:55 | Create | Archer |
Build order — hungyh
First 150 of 467 actions detected
| 0:01 | Create | Villager (Male) |
| 0:01 | Create | Villager (Male) |
| 0:02 | Build | House |
| 0:04 | Build | House |
| 0:09 | Create | Villager (Male) |
| 0:09 | Create | Villager (Male) |
| 0:09 | Create | Villager (Male) |
| 0:15 | Create | Villager (Male) |
| 0:15 | Create | Villager (Male) |
| 0:27 | Research | Loom |
| 0:27 | Research | Loom |
| 0:29 | Create | Villager (Male) |
| 0:29 | Create | Villager (Male) |
| 0:29 | Create | Villager (Male) |
| 1:16 | Build | House |
| 1:19 | Build | Palisade Wall |
| 1:32 | Build | Lumber Camp |
| 1:41 | Create | Villager (Male) |
| 1:41 | Create | Villager (Male) |
| 1:53 | Build | House |
| 1:57 | Build | House |
| 2:25 | Create | Villager (Male) |
| 2:25 | Create | Villager (Male) |
| 3:01 | Create | Villager (Male) |
| 3:01 | Create | Villager (Male) |
| 3:25 | Create | Villager (Male) |
| 3:25 | Create | Villager (Male) |
| 3:47 | Create | Villager (Male) |
| 3:47 | Create | Villager (Male) |
| 4:15 | Build | House |
| 4:54 | Build | House |
| 5:02 | Create | Villager (Male) |
| 5:03 | Create | Villager (Male) |
| 5:07 | Build | Mill |
| 5:37 | Create | Villager (Male) |
| 5:37 | Create | Villager (Male) |
| 5:54 | Build | Palisade Wall |
| 6:00 | Create | Villager (Male) |
| 6:00 | Create | Villager (Male) |
| 6:04 | Build | Dock |
| 6:13 | Create | Villager (Male) |
| 6:13 | Create | Villager (Male) |
| 6:55 | Create | Villager (Male) |
| 6:57 | Create | Fishing Ship |
| 6:57 | Create | Fishing Ship |
| 7:08 | Build | House |
| 7:09 | Build | House |
| 7:23 | Create | Villager (Male) |
| 7:23 | Create | Villager (Male) |
| 7:47 | Create | Fishing Ship |
| 8:05 | Create | Villager (Male) |
| 8:07 | Create | Villager (Male) |
| 8:13 | Build | House |
| 8:30 | Build | Palisade Gate |
| 8:32 | Build | House |
| 8:39 | Create | Villager (Male) |
| 9:23 | Create | Villager (Male) |
| 9:28 | Build | Mill |
| 9:41 | Create | Villager (Male) |
| 9:41 | Create | Villager (Male) |
| 10:07 | Build | Mining Camp |
| 10:28 | Research | Feudal Age |
| 10:28 | Research | Feudal Age |
| 12:03 | Create | Villager (Male) |
| 12:03 | Create | Villager (Male) |
| 12:49 | Age | Feudal Age |
| 12:54 | Build | Blacksmith |
| 12:59 | Build | Market |
| 13:28 | Build | Lumber Camp |
| 13:44 | Research | Double-Bit Axe |
| 13:46 | Research | Horse Collar |
| 13:48 | Research | Castle Age |
| 13:49 | Research | Castle Age |
| 14:08 | Build | Stone Wall |
| 14:12 | Build | Gate |
| 14:19 | Build | Mining Camp |
| 14:31 | Research | Horse Collar |
| 14:32 | Research | Horse Collar |
| 14:51 | Build | Fish Trap |
| 14:55 | Build | Fish Trap |
| 15:03 | Build | Fish Trap |
| 15:29 | Create | Villager (Male) |
| 15:33 | Create | Demolition Raft |
| 15:33 | Create | Demolition Raft |
| 15:44 | Create | Demolition Raft |
| 15:50 | Create | Fishing Ship |
| 15:50 | Create | Fishing Ship |
| 16:14 | Create | Villager (Male) |
| 16:28 | Age | Castle Age |
| 16:32 | Build | Town Center |
| 16:38 | Build | Lumber Camp |
| 16:41 | Create | Villager (Male) |
| 16:57 | Build | Fish Trap |
| 17:13 | Research | Bow Saw |
| 17:13 | Research | Bow Saw |
| 17:30 | Build | Fish Trap |
| 17:33 | Create | Villager (Male) |
| 17:34 | Create | Villager (Male) |
| 17:41 | Build | House |
| 17:42 | Build | House |
| 17:43 | Build | House |
| 17:57 | Create | Villager (Male) |
| 18:03 | Create | Fishing Ship |
| 18:04 | Create | Fishing Ship |
| 18:16 | Create | Villager (Male) |
| 18:16 | Create | Villager (Male) |
| 18:22 | Build | Mining Camp |
| 18:33 | Create | Villager (Male) |
| 18:33 | Create | Villager (Male) |
| 18:51 | Build | Fish Trap |
| 18:56 | Create | Villager (Male) |
| 18:56 | Create | Villager (Male) |
| 19:10 | Build | Lumber Camp |
| 19:21 | Create | Villager (Male) |
| 19:21 | Create | Villager (Male) |
| 19:28 | Build | Dock |
| 19:31 | Build | Fish Trap |
| 19:40 | Create | Fishing Ship |
| 19:41 | Create | Fishing Ship |
| 19:48 | Build | Farm |
| 19:48 | Build | Farm |
| 19:49 | Build | Farm |
| 19:52 | Build | Farm |
| 19:53 | Create | Villager (Male) |
| 19:53 | Create | Villager (Male) |
| 20:01 | Create | Villager (Male) |
| 20:01 | Create | Villager (Male) |
| 20:03 | Build | Siege Workshop |
| 20:21 | Build | House |
| 20:22 | Build | House |
| 20:23 | Build | House |
| 20:28 | Create | Fishing Ship |
| 20:29 | Create | Fishing Ship |
| 20:33 | Build | Fish Trap |
| 20:39 | Build | Farm |
| 20:40 | Build | Farm |
| 20:41 | Build | Farm |
| 20:42 | Build | Farm |
| 20:43 | Create | Villager (Male) ×2 |
| 20:43 | Create | Villager (Male) ×2 |
| 20:50 | Build | Farm |
| 21:02 | Create | Fishing Ship |
| 21:05 | Build | Fish Trap |
| 21:14 | Research | Stone Mining |
| 21:14 | Research | Stone Mining |
| 21:25 | Build | Fish Trap |
| 21:26 | Create | Villager (Male) |
| 21:26 | Create | Villager (Male) |
| 21:34 | Create | Villager (Male) |
| 21:46 | Create | Villager (Male) |
Build order — _Suko_
First 150 of 575 actions detected
| 0:02 | Create | Villager (Male) |
| 0:02 | Create | Villager (Male) |
| 0:04 | Build | House |
| 0:05 | Build | House |
| 0:30 | Create | Villager (Male) |
| 0:30 | Create | Villager (Male) |
| 0:30 | Create | Villager (Male) |
| 1:37 | Create | Villager (Male) |
| 1:37 | Create | Villager (Male) |
| 2:08 | Create | Villager (Male) |
| 2:15 | Build | Lumber Camp |
| 2:23 | Create | Villager (Male) |
| 2:23 | Create | Villager (Male) |
| 2:55 | Create | Villager (Male) |
| 3:02 | Create | Villager (Male) |
| 3:27 | Research | Loom |
| 3:36 | Build | House |
| 3:50 | Create | Villager (Male) |
| 4:18 | Create | Villager (Male) |
| 4:48 | Create | Villager (Male) |
| 5:36 | Create | Villager (Male) |
| 5:53 | Create | Villager (Male) |
| 6:06 | Build | House |
| 6:20 | Build | Dock |
| 6:27 | Create | Villager (Male) |
| 6:46 | Create | Villager (Male) |
| 7:04 | Build | House |
| 7:09 | Create | Villager (Male) |
| 7:17 | Create | Fishing Ship |
| 7:44 | Create | Villager (Male) |
| 7:56 | Build | Mining Camp |
| 8:06 | Create | Villager (Male) |
| 8:33 | Create | Villager (Male) |
| 8:35 | Create | Fishing Ship |
| 9:00 | Create | Villager (Male) |
| 9:20 | Research | Feudal Age |
| 9:23 | Create | Fishing Ship |
| 9:54 | Build | House |
| 10:03 | Create | Fishing Ship |
| 10:36 | Build | Mill |
| 10:47 | Create | Villager (Male) |
| 11:35 | Age | Feudal Age |
| 11:44 | Create | Villager (Male) |
| 12:02 | Build | Market |
| 12:19 | Build | Blacksmith |
| 12:25 | Create | Villager (Male) |
| 12:47 | Research | Castle Age |
| 13:00 | Build | Mining Camp |
| 13:06 | Research | Double-Bit Axe |
| 13:28 | Build | Lumber Camp |
| 13:43 | Build | House |
| 13:55 | Create | Villager (Male) |
| 14:09 | Create | Fishing Ship |
| 14:53 | Create | Fishing Ship |
| 15:30 | Age | Castle Age |
| 15:41 | Build | Town Center |
| 15:52 | Build | Fish Trap |
| 16:02 | Build | Fish Trap |
| 16:03 | Create | Villager (Male) |
| 16:03 | Create | Villager (Male) |
| 16:33 | Create | Villager (Male) |
| 16:33 | Create | Villager (Male) |
| 16:38 | Build | Fish Trap |
| 16:40 | Create | Villager (Male) |
| 16:40 | Create | Villager (Male) |
| 16:57 | Create | Villager (Male) |
| 17:10 | Build | Fish Trap |
| 17:26 | Build | Fish Trap |
| 17:38 | Build | Fish Trap |
| 17:40 | Create | Fishing Ship |
| 17:42 | Create | Villager (Male) |
| 17:42 | Create | Villager (Male) |
| 17:59 | Create | Villager (Male) |
| 18:00 | Create | Villager (Male) |
| 18:00 | Create | Villager (Male) |
| 18:03 | Build | Farm |
| 18:06 | Create | Villager (Male) |
| 18:16 | Build | Town Center |
| 18:26 | Build | House |
| 18:30 | Build | House |
| 18:38 | Build | Fish Trap |
| 18:39 | Create | Villager (Male) |
| 18:39 | Create | Villager (Male) |
| 18:40 | Create | Villager (Male) |
| 18:57 | Build | Dock |
| 19:01 | Build | House |
| 19:03 | Create | Villager (Male) |
| 19:03 | Create | Villager (Male) |
| 19:07 | Research | Tech 906 |
| 19:13 | Create | Villager (Male) |
| 19:13 | Create | Villager (Male) |
| 19:15 | Create | Villager (Male) |
| 19:28 | Create | Villager (Male) |
| 19:29 | Create | Villager (Male) |
| 19:29 | Create | Villager (Male) |
| 19:32 | Build | Farm |
| 19:34 | Create | Villager (Male) |
| 19:38 | Create | Fishing Ship |
| 19:38 | Create | Fishing Ship |
| 19:45 | Create | Villager (Male) |
| 19:56 | Create | Villager (Male) |
| 19:56 | Create | Villager (Male) |
| 20:16 | Build | Stone Wall |
| 20:21 | Build | Gate |
| 20:24 | Create | Villager (Male) |
| 20:34 | Build | Town Center |
| 20:37 | Create | Villager (Male) |
| 20:37 | Create | Villager (Male) |
| 20:37 | Create | Villager (Male) |
| 20:40 | Create | Villager (Male) |
| 20:44 | Create | Fishing Ship |
| 20:45 | Create | Fishing Ship |
| 20:52 | Build | Fish Trap |
| 20:59 | Build | Dock |
| 21:07 | Build | Fish Trap |
| 21:10 | Research | Gillnets |
| 21:15 | Create | Villager (Male) |
| 21:16 | Create | Villager (Male) |
| 21:22 | Build | House |
| 21:28 | Build | Farm |
| 21:34 | Create | Villager (Male) |
| 21:34 | Create | Villager (Male) |
| 21:35 | Create | Villager (Male) |
| 21:56 | Build | Farm |
| 22:00 | Create | Fishing Ship |
| 22:00 | Create | Fishing Ship |
| 22:08 | Build | Fish Trap |
| 22:12 | Build | House |
| 22:14 | Build | House |
| 22:16 | Create | Villager (Male) |
| 22:17 | Create | Villager (Male) |
| 22:25 | Build | House |
| 22:26 | Build | House |
| 22:38 | Build | Fish Trap |
| 22:45 | Create | Fishing Ship |
| 22:52 | Build | Fish Trap |
| 22:53 | Create | Villager (Male) |
| 22:53 | Create | Villager (Male) |
| 23:00 | Create | Villager (Male) |
| 23:00 | Create | Villager (Male) |
| 23:05 | Create | Villager (Male) |
| 23:22 | Build | Dock |
| 23:27 | Build | House |
| 23:28 | Build | House |
| 23:28 | Build | House |
| 23:29 | Create | Villager (Male) |
| 23:32 | Build | Farm |
| 23:33 | Build | Farm |
| 23:35 | Build | Farm |
| 23:36 | Build | Farm |
Build order — Yoryi
First 150 of 670 actions detected
| 0:01 | Create | Villager (Male) |
| 0:01 | Create | Villager (Male) |
| 0:02 | Build | House |
| 0:03 | Build | House |
| 0:10 | Create | Villager (Male) |
| 0:10 | Create | Villager (Male) |
| 0:10 | Create | Villager (Male) |
| 1:23 | Create | Villager (Male) |
| 1:23 | Create | Villager (Male) |
| 1:52 | Create | Villager (Male) |
| 1:52 | Create | Villager (Male) |
| 1:54 | Build | Lumber Camp |
| 2:25 | Create | Villager (Male) |
| 2:25 | Create | Villager (Male) |
| 2:50 | Create | Villager (Male) |
| 2:50 | Create | Villager (Male) |
| 3:36 | Create | Villager (Male) |
| 3:36 | Create | Villager (Male) |
| 3:53 | Build | House |
| 3:58 | Build | House |
| 4:01 | Create | Villager (Male) |
| 4:01 | Create | Villager (Male) |
| 4:09 | Create | Villager (Male) |
| 4:09 | Create | Villager (Male) |
| 4:44 | Build | Dock |
| 4:56 | Create | Villager (Male) |
| 4:57 | Create | Villager (Male) |
| 5:09 | Create | Villager (Male) |
| 5:09 | Create | Villager (Male) |
| 5:51 | Build | Mill |
| 6:00 | Create | Villager (Male) |
| 6:01 | Create | Villager (Male) |
| 6:01 | Create | Villager (Male) |
| 6:03 | Create | Villager (Male) |
| 6:03 | Create | Villager (Male) |
| 6:05 | Create | Fishing Ship |
| 6:36 | Research | Loom |
| 6:39 | Build | House |
| 6:42 | Create | Fishing Ship |
| 6:45 | Create | Villager (Male) |
| 7:05 | Build | House |
| 7:09 | Create | Villager (Male) |
| 7:10 | Create | Villager (Male) |
| 7:10 | Create | Villager (Male) |
| 7:28 | Create | Villager (Male) |
| 7:31 | Create | Fishing Ship |
| 8:24 | Create | Fishing Ship |
| 8:33 | Build | Lumber Camp |
| 8:35 | Create | Villager (Male) |
| 8:36 | Create | Villager (Male) |
| 8:53 | Create | Fishing Ship |
| 8:53 | Create | Fishing Ship |
| 9:03 | Create | Villager (Male) |
| 9:08 | Create | Villager (Male) |
| 9:18 | Create | Villager (Male) |
| 9:36 | Research | Feudal Age |
| 9:36 | Research | Feudal Age |
| 9:40 | Build | House |
| 9:54 | Build | Mining Camp |
| 10:15 | Create | Fishing Ship |
| 10:38 | Build | Dock |
| 10:45 | Create | Villager (Male) |
| 10:45 | Create | Villager (Male) |
| 11:29 | Create | Villager (Male) |
| 11:31 | Create | Fishing Ship |
| 11:33 | Create | Fishing Ship |
| 11:39 | Create | Villager (Male) |
| 11:46 | Age | Feudal Age |
| 11:52 | Create | Villager (Male) |
| 12:04 | Create | Villager (Male) |
| 12:19 | Build | Market |
| 12:21 | Build | Blacksmith |
| 12:36 | Build | Pasture |
| 12:40 | Research | Double-Bit Axe |
| 12:48 | Create | Villager (Male) |
| 13:01 | Build | Pasture |
| 13:07 | Research | Wheelbarrow |
| 13:11 | Build | House |
| 13:20 | Build | House |
| 13:21 | Build | House |
| 13:38 | Build | Fish Trap |
| 13:53 | Build | Fish Trap |
| 13:59 | Create | Villager (Male) |
| 13:59 | Create | Villager (Male) |
| 14:09 | Build | Fish Trap |
| 14:24 | Build | House |
| 14:27 | Build | Fish Trap |
| 14:30 | Create | Villager (Male) |
| 14:30 | Create | Villager (Male) |
| 14:50 | Build | Fish Trap |
| 15:01 | Build | Fish Trap |
| 15:17 | Build | House |
| 15:20 | Build | Fish Trap |
| 15:31 | Create | Villager (Male) |
| 15:32 | Create | Villager (Male) |
| 15:48 | Build | House |
| 15:50 | Create | Fishing Ship |
| 15:50 | Create | Fishing Ship |
| 16:02 | Build | Fish Trap |
| 16:16 | Create | Villager (Male) |
| 16:16 | Create | Villager (Male) |
| 16:20 | Build | House |
| 16:21 | Build | House |
| 16:36 | Build | Fish Trap |
| 16:45 | Build | Fish Trap |
| 16:59 | Build | House |
| 17:01 | Build | House |
| 17:02 | Build | House |
| 17:06 | Research | Castle Age |
| 17:25 | Research | Tech 1014 |
| 17:32 | Research | Tech 906 |
| 17:34 | Create | Fishing Ship |
| 17:38 | Create | Fishing Ship |
| 17:44 | Research | Gold Mining |
| 17:44 | Research | Gold Mining |
| 17:55 | Create | Fishing Ship |
| 17:56 | Create | Fishing Ship |
| 18:22 | Build | Fish Trap |
| 18:39 | Create | Villager (Male) |
| 18:45 | Build | Fish Trap |
| 18:49 | Create | Fishing Ship |
| 18:49 | Create | Fishing Ship |
| 18:59 | Build | Fish Trap |
| 19:17 | Build | Fish Trap |
| 19:25 | Create | Fishing Ship |
| 19:26 | Create | Fishing Ship |
| 19:28 | Build | House |
| 19:29 | Build | House |
| 19:30 | Build | House |
| 19:45 | Build | Fish Trap |
| 19:46 | Age | Castle Age |
| 20:06 | Build | Fish Trap |
| 20:21 | Build | Fish Trap |
| 20:25 | Create | Villager (Male) |
| 20:26 | Create | Villager (Male) |
| 20:29 | Build | Town Center |
| 20:36 | Build | Town Center |
| 20:38 | Create | Villager (Male) |
| 20:43 | Build | Fish Trap |
| 20:52 | Build | House |
| 20:53 | Build | House |
| 20:54 | Build | House |
| 20:57 | Create | Villager (Male) |
| 20:57 | Create | Villager (Male) |
| 21:03 | Research | Gillnets |
| 21:11 | Create | Villager (Male) |
| 21:12 | Create | Villager (Male) |
| 21:22 | Build | Pasture |
| 21:26 | Create | Villager (Male) |
| 21:30 | Create | Villager (Male) |
Build order — Cambo
First 150 of 462 actions detected
| 0:01 | Create | Villager (Male) |
| 0:02 | Create | Villager (Male) |
| 0:02 | Create | Villager (Male) |
| 0:03 | Build | House |
| 0:04 | Build | House |
| 0:23 | Create | Villager (Male) |
| 0:23 | Create | Villager (Male) |
| 0:24 | Create | Villager (Male) |
| 1:41 | Create | Villager (Male) |
| 1:41 | Create | Villager (Male) |
| 2:09 | Create | Villager (Male) |
| 2:09 | Create | Villager (Male) |
| 2:13 | Build | Lumber Camp |
| 2:30 | Create | Villager (Male) |
| 3:09 | Create | Villager (Male) |
| 3:09 | Create | Villager (Male) |
| 3:17 | Build | House |
| 3:18 | Build | House |
| 3:39 | Create | Villager (Male) |
| 3:40 | Create | Villager (Male) |
| 4:05 | Build | House |
| 4:33 | Create | Villager (Male) |
| 5:01 | Create | Villager (Male) |
| 5:01 | Create | Villager (Male) |
| 5:10 | Build | Dock |
| 5:48 | Create | Villager (Male) |
| 5:48 | Create | Villager (Male) |
| 5:49 | Create | Fishing Ship |
| 6:06 | Create | Fishing Ship |
| 6:14 | Create | Villager (Male) |
| 6:38 | Research | Loom |
| 6:38 | Create | Villager (Male) |
| 6:49 | Create | Fishing Ship |
| 6:58 | Create | Villager (Male) |
| 7:03 | Build | Mill |
| 7:13 | Create | Villager (Male) |
| 7:32 | Create | Villager (Male) |
| 7:45 | Create | Fishing Ship |
| 7:48 | Create | Fishing Ship |
| 8:24 | Create | Villager (Male) |
| 8:33 | Create | Fishing Ship |
| 8:37 | Build | House |
| 9:20 | Create | Villager (Male) |
| 9:30 | Research | Feudal Age |
| 9:31 | Create | Fishing Ship |
| 10:03 | Create | Villager (Male) |
| 10:04 | Create | Villager (Male) |
| 10:23 | Build | House |
| 10:24 | Build | House |
| 11:48 | Age | Feudal Age |
| 11:50 | Build | Market |
| 11:51 | Build | Blacksmith |
| 12:43 | Research | Castle Age |
| 12:52 | Research | Double-Bit Axe |
| 13:14 | Build | Fish Trap |
| 13:32 | Build | Fish Trap |
| 13:54 | Build | Fish Trap |
| 14:01 | Build | Fish Trap |
| 14:11 | Create | Villager (Male) |
| 14:11 | Create | Villager (Male) |
| 14:19 | Build | Fish Trap |
| 14:41 | Build | Fish Trap |
| 14:50 | Build | Fish Trap |
| 15:08 | Age | Castle Age |
| 15:23 | Build | Town Center |
| 15:34 | Create | Villager (Male) |
| 15:35 | Create | Villager (Male) |
| 16:05 | Create | Villager (Male) |
| 16:09 | Create | Villager (Male) |
| 16:10 | Create | Villager (Male) |
| 16:22 | Create | Villager (Male) |
| 16:28 | Build | Town Center |
| 16:33 | Create | Villager (Male) |
| 16:43 | Create | Villager (Male) |
| 16:43 | Create | Villager (Male) |
| 16:52 | Create | Villager (Male) |
| 16:52 | Create | Villager (Male) |
| 16:59 | Build | Barracks |
| 17:01 | Create | Villager (Male) |
| 17:07 | Create | Villager (Male) |
| 17:13 | Research | Bow Saw |
| 17:18 | Build | Farm |
| 17:22 | Build | Farm |
| 17:26 | Build | Farm |
| 17:27 | Research | Horse Collar |
| 17:30 | Create | Villager (Male) |
| 17:31 | Create | Villager (Male) |
| 17:48 | Create | Villager (Male) |
| 17:51 | Build | Farm |
| 17:55 | Build | Farm |
| 17:57 | Build | Farm |
| 17:58 | Create | Villager (Male) |
| 18:02 | Build | Farm |
| 18:06 | Build | Farm |
| 18:10 | Create | Villager (Male) |
| 18:14 | Build | Farm |
| 18:17 | Create | Villager (Male) |
| 18:17 | Create | Villager (Male) |
| 18:27 | Create | Villager (Male) |
| 18:28 | Create | Villager (Male) |
| 18:33 | Build | House |
| 18:34 | Build | House |
| 18:37 | Create | Villager (Male) |
| 18:44 | Build | Farm |
| 18:46 | Build | Farm |
| 18:47 | Build | Farm |
| 18:48 | Create | Villager (Male) |
| 18:49 | Build | Farm |
| 18:55 | Build | Farm |
| 18:58 | Build | Farm |
| 19:02 | Create | Villager (Male) |
| 19:14 | Build | Stable |
| 19:17 | Create | Villager (Male) |
| 19:18 | Create | Villager (Male) |
| 19:18 | Create | Villager (Male) |
| 19:22 | Build | Farm |
| 19:25 | Build | Farm |
| 19:34 | Create | Villager (Male) |
| 19:34 | Create | Villager (Male) |
| 19:44 | Create | Villager (Male) |
| 19:47 | Build | Farm |
| 19:48 | Build | Farm |
| 19:50 | Create | Villager (Male) |
| 19:51 | Build | Farm |
| 20:02 | Build | House |
| 20:03 | Build | House |
| 20:08 | Build | House |
| 20:09 | Create | Knight |
| 20:09 | Create | Knight |
| 20:15 | Create | Villager (Male) |
| 20:15 | Create | Villager (Male) |
| 20:15 | Create | Villager (Male) |
| 20:18 | Build | Farm |
| 20:19 | Build | Farm |
| 20:23 | Build | Farm |
| 20:26 | Build | Farm |
| 20:27 | Create | Villager (Male) |
| 20:27 | Create | Villager (Male) |
| 20:33 | Build | House |
| 20:33 | Build | House |
| 20:33 | Build | House |
| 20:33 | Build | House |
| 20:33 | Build | House |
| 20:37 | Build | House |
| 20:40 | Create | Knight |
| 20:42 | Create | Villager (Male) |
| 20:48 | Build | Farm |
| 20:51 | Create | Villager (Male) |
| 20:58 | Build | Farm |
| 21:00 | Build | Farm |
Build order — ALmotema
First 150 of 604 actions detected
| 0:02 | Create | Villager (Male) |
| 0:02 | Create | Villager (Male) |
| 0:02 | Create | Villager (Male) |
| 0:02 | Create | Villager (Male) |
| 0:04 | Build | House |
| 0:05 | Build | House |
| 1:28 | Research | Loom |
| 1:29 | Research | Loom |
| 1:30 | Create | Villager (Male) |
| 1:56 | Create | Villager (Male) |
| 2:28 | Create | Villager (Male) |
| 2:35 | Build | Lumber Camp |
| 2:55 | Build | Palisade Wall |
| 2:56 | Create | Villager (Male) |
| 2:57 | Create | Villager (Male) |
| 3:35 | Create | Villager (Male) |
| 3:57 | Build | Palisade Wall |
| 4:00 | Build | House |
| 4:13 | Create | Villager (Male) |
| 4:44 | Create | Villager (Male) |
| 4:44 | Create | Villager (Male) |
| 5:04 | Create | Villager (Male) |
| 5:18 | Create | Villager (Male) |
| 5:47 | Build | Dock |
| 5:54 | Build | House |
| 6:14 | Create | Villager (Male) |
| 6:39 | Create | Villager (Male) |
| 6:52 | Create | Fishing Ship |
| 6:59 | Build | House |
| 7:07 | Create | Villager (Male) |
| 7:19 | Create | Fishing Ship |
| 7:35 | Create | Fishing Ship |
| 7:46 | Create | Villager (Male) |
| 7:47 | Create | Villager (Male) |
| 7:59 | Create | Villager (Male) |
| 8:37 | Build | Mill |
| 9:02 | Create | Villager (Male) |
| 9:20 | Create | Villager (Male) |
| 9:34 | Research | Feudal Age |
| 10:04 | Build | Lumber Camp |
| 10:10 | Create | Fishing Ship |
| 10:51 | Create | Fishing Ship |
| 10:56 | Build | House |
| 11:22 | Create | Villager (Male) |
| 11:38 | Build | House |
| 12:02 | Age | Feudal Age |
| 12:04 | Create | Villager (Male) |
| 12:06 | Research | Double-Bit Axe |
| 12:07 | Research | Double-Bit Axe |
| 12:10 | Research | Tech 906 |
| 12:15 | Build | Mining Camp |
| 12:27 | Create | Villager (Male) |
| 12:31 | Create | Villager (Male) |
| 12:38 | Build | Fish Trap |
| 12:53 | Create | Villager (Male) |
| 12:59 | Create | Fishing Ship |
| 13:22 | Build | Mill |
| 13:28 | Research | Gold Mining |
| 13:29 | Research | Gold Mining |
| 13:31 | Build | House |
| 13:43 | Create | Fishing Ship |
| 13:47 | Build | Fish Trap |
| 14:03 | Build | Dock |
| 14:05 | Create | Villager (Male) |
| 14:20 | Build | Market |
| 14:26 | Create | Villager (Male) |
| 14:30 | Build | House |
| 14:37 | Build | House |
| 14:42 | Build | Lumber Camp |
| 14:43 | Create | Villager (Male) |
| 14:52 | Build | Fish Trap |
| 15:08 | Build | Fish Trap |
| 15:28 | Build | Fish Trap |
| 15:30 | Build | House |
| 15:34 | Create | Villager (Male) |
| 15:39 | Build | Blacksmith |
| 15:52 | Build | House |
| 15:58 | Create | Demolition Raft |
| 16:02 | Create | Fishing Ship |
| 16:04 | Build | House |
| 16:09 | Research | Castle Age |
| 16:09 | Research | Castle Age |
| 16:15 | Create | Fishing Ship |
| 16:18 | Build | Fish Trap |
| 16:45 | Build | House |
| 16:48 | Build | Fish Trap |
| 16:51 | Build | Fish Trap |
| 16:55 | Research | Stone Mining |
| 16:55 | Research | Stone Mining |
| 17:05 | Build | Fish Trap |
| 17:08 | Create | Fishing Ship |
| 17:08 | Create | Fishing Ship |
| 17:16 | Build | Lumber Camp |
| 17:55 | Build | Fish Trap |
| 18:00 | Create | Fishing Ship |
| 18:00 | Create | Fishing Ship |
| 18:06 | Build | Fish Trap |
| 18:24 | Create | Villager (Male) |
| 18:49 | Build | Fish Trap |
| 18:49 | Age | Castle Age |
| 18:51 | Build | Fish Trap |
| 18:53 | Research | Gillnets |
| 18:54 | Create | Villager (Male) |
| 18:56 | Research | Bow Saw |
| 19:01 | Build | Town Center |
| 19:15 | Create | Villager (Male) |
| 19:29 | Create | Villager (Male) |
| 19:38 | Create | Villager (Male) |
| 19:59 | Create | Fishing Ship |
| 19:59 | Create | Fishing Ship |
| 20:05 | Build | Town Center |
| 20:09 | Create | Villager (Male) |
| 20:28 | Create | Villager (Male) |
| 20:30 | Create | Fishing Ship |
| 20:31 | Create | Fishing Ship |
| 20:32 | Create | Villager (Male) |
| 20:42 | Create | Villager (Male) |
| 20:46 | Build | Lumber Camp |
| 21:00 | Build | Fish Trap |
| 21:04 | Build | Fish Trap |
| 21:06 | Create | Villager (Male) |
| 21:13 | Research | Gold Shaft Mining |
| 21:14 | Research | Gold Shaft Mining |
| 21:14 | Create | Villager (Male) |
| 21:16 | Create | Villager (Male) |
| 21:26 | Build | Fish Trap |
| 21:28 | Create | Villager (Male) |
| 21:35 | Create | Villager (Male) |
| 21:40 | Build | Fish Trap |
| 21:44 | Create | Fishing Ship |
| 21:44 | Create | Fishing Ship |
| 21:44 | Create | Fishing Ship |
| 21:47 | Build | Farm |
| 21:49 | Create | Villager (Male) |
| 21:51 | Research | Horse Collar |
| 21:51 | Research | Horse Collar |
| 21:58 | Build | Farm |
| 21:58 | Create | Villager (Male) |
| 22:07 | Create | Villager (Male) |
| 22:15 | Research | Wheelbarrow |
| 22:15 | Research | Wheelbarrow |
| 22:23 | Build | Farm |
| 22:24 | Build | Farm |
| 22:25 | Build | Farm |
| 22:29 | Build | Fish Trap |
| 22:32 | Create | Villager (Male) |
| 22:40 | Build | Fish Trap |
| 22:44 | Create | Villager (Male) |
| 22:52 | Build | Lumber Camp |
| 22:55 | Create | Villager (Male) |
Build order — reckem3
First 150 of 388 actions detected
| 0:02 | Create | Villager (Male) |
| 0:02 | Create | Villager (Male) |
| 0:04 | Build | House |
| 0:06 | Build | House |
| 0:14 | Create | Villager (Male) |
| 0:14 | Create | Villager (Male) |
| 1:12 | Build | Palisade Gate |
| 1:22 | Build | House |
| 1:33 | Build | House |
| 1:39 | Create | Villager (Male) |
| 1:40 | Create | Villager (Male) |
| 1:56 | Build | Palisade Wall |
| 2:11 | Create | Villager (Male) |
| 2:11 | Create | Villager (Male) |
| 2:42 | Create | Villager (Male) |
| 2:42 | Create | Villager (Male) |
| 3:14 | Create | Villager (Male) |
| 3:14 | Create | Villager (Male) |
| 3:39 | Create | Villager (Male) |
| 3:39 | Create | Villager (Male) |
| 4:20 | Create | Villager (Male) |
| 5:03 | Create | Villager (Male) |
| 5:51 | Create | Villager (Male) |
| 5:52 | Create | Villager (Male) |
| 6:37 | Create | Villager (Male) |
| 6:58 | Create | Villager (Male) |
| 7:32 | Create | Villager (Male) |
| 7:33 | Create | Villager (Male) |
| 7:51 | Build | Settlement |
| 8:18 | Create | Villager (Male) |
| 8:40 | Create | Villager (Male) |
| 8:56 | Research | Feudal Age |
| 10:20 | Create | Villager (Male) |
| 10:58 | Build | Settlement |
| 11:22 | Age | Feudal Age |
| 11:34 | Build | Market |
| 11:38 | Build | Blacksmith |
| 11:42 | Create | Villager (Male) |
| 12:00 | Create | Villager (Male) |
| 12:09 | Build | Settlement |
| 12:33 | Create | Villager (Male) |
| 12:53 | Create | Villager (Male) |
| 13:17 | Create | Villager (Male) |
| 13:53 | Research | Castle Age |
| 13:53 | Research | Castle Age |
| 13:57 | Research | Double-Bit Axe |
| 13:59 | Research | Horse Collar |
| 14:30 | Build | Settlement |
| 15:01 | Build | Barracks |
| 16:04 | Create | Villager (Male) |
| 16:14 | Build | Archery Range |
| 16:21 | Create | Villager (Male) |
| 16:33 | Age | Castle Age |
| 16:36 | Build | Town Center |
| 16:43 | Build | Town Center |
| 16:51 | Build | House |
| 17:02 | Build | Farm |
| 17:03 | Build | Farm |
| 17:17 | Create | Villager (Male) |
| 17:22 | Create | Skirmisher |
| 17:41 | Build | Archery Range |
| 17:44 | Create | Skirmisher |
| 17:49 | Create | Villager (Male) |
| 17:59 | Create | Villager (Male) |
| 18:00 | Create | Villager (Male) |
| 18:00 | Create | Villager (Male) |
| 18:18 | Research | Elite Skirmisher (upgrade) |
| 18:24 | Build | House |
| 18:28 | Create | Villager (Male) |
| 18:28 | Create | Villager (Male) |
| 18:29 | Create | Villager (Male) |
| 18:29 | Create | Villager (Male) |
| 18:29 | Create | Villager (Male) |
| 18:39 | Create | Skirmisher |
| 18:47 | Create | Villager (Male) |
| 18:48 | Create | Villager (Male) |
| 18:51 | Build | Farm |
| 18:53 | Build | Farm |
| 19:08 | Create | Skirmisher |
| 19:08 | Create | Skirmisher |
| 19:12 | Build | Farm |
| 19:14 | Build | Farm |
| 19:20 | Create | Villager (Male) |
| 19:20 | Create | Villager (Male) |
| 19:23 | Create | Skirmisher |
| 19:23 | Create | Skirmisher |
| 19:32 | Build | University |
| 19:40 | Create | Villager (Male) |
| 19:40 | Create | Villager (Male) |
| 19:44 | Build | Farm |
| 19:45 | Build | Farm |
| 19:51 | Build | Farm |
| 19:54 | Build | Farm |
| 19:55 | Build | Farm |
| 19:55 | Build | Farm |
| 20:03 | Create | Villager (Male) |
| 20:03 | Create | Villager (Male) |
| 20:04 | Create | Villager (Male) |
| 20:14 | Build | Farm |
| 20:28 | Create | Villager (Male) |
| 20:28 | Create | Villager (Male) |
| 20:28 | Create | Villager (Male) |
| 20:42 | Create | Villager (Male) |
| 20:43 | Create | Villager (Male) |
| 20:52 | Create | Skirmisher |
| 20:52 | Create | Skirmisher |
| 20:57 | Build | Farm |
| 21:01 | Build | Farm |
| 21:02 | Build | Farm |
| 21:02 | Build | Farm |
| 21:06 | Create | Villager (Male) |
| 21:11 | Build | Farm |
| 21:12 | Build | Farm |
| 21:20 | Build | Farm |
| 21:28 | Research | Fletching |
| 21:29 | Research | Padded Archer Armor |
| 21:34 | Research | Ballistics |
| 21:35 | Create | Villager (Male) |
| 21:36 | Create | Villager (Male) |
| 21:57 | Build | Settlement |
| 22:00 | Create | Villager (Male) |
| 22:00 | Create | Villager (Male) |
| 22:04 | Create | Skirmisher |
| 22:05 | Create | Skirmisher |
| 22:11 | Build | Farm |
| 22:14 | Build | Farm |
| 22:26 | Create | Villager (Male) |
| 22:26 | Create | Villager (Male) |
| 22:45 | Create | Skirmisher |
| 22:45 | Create | Skirmisher |
| 22:46 | Create | Villager (Male) |
| 22:55 | Build | Farm |
| 22:56 | Build | Farm |
| 22:59 | Create | Villager (Male) |
| 23:00 | Create | Villager (Male) |
| 23:02 | Build | Farm |
| 23:03 | Build | Farm |
| 23:05 | Build | Farm |
| 23:27 | Create | Villager (Male) |
| 23:28 | Create | Villager (Male) |
| 23:28 | Create | Villager (Male) |
| 23:37 | Create | Villager (Male) |
| 23:38 | Create | Villager (Male) |
| 23:38 | Create | Villager (Male) |
| 23:48 | Build | Farm |
| 23:49 | Build | Farm |
| 23:50 | Build | Farm |
| 23:51 | Build | Farm |
| 23:59 | Create | Villager (Male) |
| 24:00 | Create | Villager (Male) |
Build order — 下雨天。。。。
First 150 of 624 actions detected
| 0:01 | Create | Villager (Male) |
| 0:02 | Create | Villager (Male) |
| 0:03 | Build | House |
| 0:05 | Build | House |
| 0:18 | Create | Villager (Male) |
| 0:18 | Create | Villager (Male) |
| 1:25 | Create | Villager (Male) |
| 1:51 | Build | Lumber Camp |
| 1:53 | Create | Villager (Male) |
| 1:53 | Create | Villager (Male) |
| 2:27 | Create | Villager (Male) |
| 2:28 | Create | Villager (Male) |
| 2:54 | Create | Villager (Male) |
| 2:54 | Create | Villager (Male) |
| 2:55 | Create | Villager (Male) |
| 2:55 | Create | Villager (Male) |
| 3:02 | Build | House |
| 3:36 | Create | Villager (Male) |
| 3:37 | Create | Villager (Male) |
| 4:02 | Build | Mill |
| 4:04 | Create | Villager (Male) |
| 4:04 | Create | Villager (Male) |
| 4:20 | Create | Villager (Male) |
| 4:47 | Create | Villager (Male) |
| 5:04 | Create | Villager (Male) |
| 5:04 | Create | Villager (Male) |
| 5:30 | Build | House |
| 5:36 | Create | Villager (Male) |
| 5:56 | Create | Villager (Male) |
| 6:21 | Create | Villager (Male) |
| 6:27 | Build | Lumber Camp |
| 6:43 | Create | Villager (Male) |
| 7:12 | Create | Villager (Male) |
| 7:21 | Build | House |
| 7:35 | Create | Villager (Male) |
| 7:59 | Create | Villager (Male) |
| 8:33 | Create | Villager (Male) |
| 8:51 | Build | Mining Camp |
| 9:00 | Create | Villager (Male) |
| 9:32 | Create | Villager (Male) |
| 9:45 | Build | Mining Camp |
| 9:59 | Research | Feudal Age |
| 9:59 | Research | Feudal Age |
| 11:40 | Create | Villager (Male) |
| 12:12 | Age | Feudal Age |
| 12:14 | Build | Blacksmith |
| 12:16 | Build | Market |
| 12:25 | Create | Villager (Male) |
| 12:41 | Build | Dock |
| 12:45 | Create | Villager (Male) |
| 12:50 | Build | House |
| 13:16 | Research | Castle Age |
| 13:16 | Research | Castle Age |
| 13:21 | Build | Outpost |
| 13:32 | Create | Fishing Ship |
| 13:36 | Research | Double-Bit Axe |
| 13:36 | Research | Double-Bit Axe |
| 13:39 | Build | Farm |
| 13:40 | Build | Farm |
| 13:56 | Build | Farm |
| 13:59 | Build | Farm |
| 14:02 | Research | Horse Collar |
| 14:02 | Research | Horse Collar |
| 14:02 | Research | Horse Collar |
| 14:10 | Create | Fishing Ship |
| 14:19 | Build | House |
| 14:20 | Build | House |
| 14:30 | Build | Stone Wall |
| 14:56 | Create | Fishing Ship |
| 15:05 | Create | Fishing Ship |
| 15:22 | Create | Villager (Male) |
| 15:26 | Research | Gold Mining |
| 15:26 | Research | Gold Mining |
| 15:48 | Build | Farm |
| 15:50 | Create | Fishing Ship |
| 16:07 | Age | Castle Age |
| 16:15 | Create | Villager (Male) |
| 16:38 | Create | Villager (Male) |
| 16:43 | Build | Farm |
| 16:48 | Build | Farm |
| 16:50 | Build | Farm |
| 17:03 | Build | Castle |
| 17:16 | Create | Villager (Male) |
| 17:18 | Create | Fishing Ship |
| 17:22 | Build | Fish Trap |
| 17:24 | Create | Villager (Male) |
| 17:35 | Build | House |
| 17:38 | Build | House |
| 17:51 | Research | Heavy Plow |
| 17:51 | Research | Heavy Plow |
| 17:51 | Research | Heavy Plow |
| 17:55 | Create | Villager (Male) |
| 17:58 | Build | Farm |
| 18:08 | Build | Fish Trap |
| 18:30 | Create | Villager (Male) |
| 18:34 | Build | Farm |
| 18:34 | Build | Farm |
| 18:36 | Build | Farm |
| 18:47 | Create | Conquistador |
| 18:48 | Create | Conquistador |
| 18:48 | Create | Conquistador |
| 18:58 | Build | Lumber Camp |
| 19:00 | Create | Villager (Male) |
| 19:08 | Build | Farm |
| 19:11 | Create | Villager (Male) |
| 19:14 | Create | Conquistador |
| 19:14 | Create | Conquistador |
| 19:23 | Build | Stone Wall |
| 19:30 | Build | Gate |
| 19:31 | Create | Conquistador |
| 19:32 | Create | Conquistador |
| 19:35 | Create | Villager (Male) |
| 19:49 | Build | Fish Trap |
| 19:55 | Create | Villager (Male) |
| 19:56 | Build | Farm |
| 19:59 | Create | Fishing Ship |
| 20:03 | Create | Conquistador |
| 20:03 | Create | Conquistador |
| 20:14 | Build | Farm |
| 20:17 | Create | Conquistador |
| 20:22 | Create | Villager (Male) |
| 20:34 | Create | Fishing Ship |
| 20:41 | Research | Padded Archer Armor |
| 20:41 | Research | Padded Archer Armor |
| 20:43 | Create | Villager (Male) |
| 20:50 | Build | Farm |
| 20:51 | Create | Villager (Male) |
| 21:07 | Create | Villager (Male) |
| 21:12 | Build | Town Center |
| 21:18 | Create | Conquistador |
| 21:18 | Create | Conquistador |
| 21:19 | Create | Conquistador |
| 21:41 | Build | Siege Workshop |
| 21:50 | Create | Villager (Male) |
| 21:59 | Create | Conquistador |
| 21:59 | Create | Conquistador |
| 21:59 | Create | Conquistador |
| 22:05 | Create | Villager (Male) |
| 22:18 | Create | Conquistador |
| 22:22 | Build | Barracks |
| 22:32 | Build | Farm |
| 22:47 | Create | Villager (Male) |
| 22:47 | Create | Villager (Male) |
| 22:47 | Create | Villager (Male) |
| 22:49 | Create | Villager (Male) |
| 22:57 | Build | Fish Trap |
| 23:03 | Build | Fish Trap |
| 23:16 | Create | Mangonel |
| 23:17 | Create | Mangonel |
| 23:33 | Create | Villager (Male) |
Match timeline
| 0:43 | Cuchillos Guantanamera · wall_segment Palisade Wall x11 |
| 0:53 | Cuchillos Guantanamera · wall_segment Palisade Wall x9 |
| 1:19 | hungyh · wall_segment Palisade Wall x1 |
| 1:56 | reckem3 · wall_segment Palisade Wall x1 |
| 2:42 | Cuchillos Guantanamera · wall_segment Palisade Wall x7 |
| 2:55 | ALmotema · wall_segment Palisade Wall x5 |
| 3:44 | Cuchillos Guantanamera · wall_segment Palisade Wall x10 |
| 3:57 | ALmotema · wall_segment Palisade Wall x1 |
| 4:10 | Cuchillos Guantanamera · wall_segment Palisade Wall x1 |
| 4:33 | Cuchillos Guantanamera · wall_segment Palisade Wall x4 |
| 4:44 | Yoryi · first_building Dock |
| 4:54 | Cuchillos Guantanamera · wall_segment Palisade Wall x1 |
| 4:56 | Cuchillos Guantanamera · wall_segment Palisade Wall x3 |
| 5:10 | Cambo · first_building Dock |
| 5:47 | ALmotema · first_building Dock |
| 5:54 | hungyh · wall_segment Palisade Wall x1 |
| 6:04 | hungyh · first_building Dock |
| 6:20 | _Suko_ · first_building Dock |
| 9:37 | Cuchillos Guantanamera · first_building Barracks |
| 11:22 | reckem3 · age_up feudal |
| 11:35 | _Suko_ · age_up feudal |
| 11:40 | Cuchillos Guantanamera · age_up feudal |
| 11:46 | Yoryi · age_up feudal |
| 11:48 | Cambo · age_up feudal |
| 12:02 | ALmotema · age_up feudal |
| 12:12 | 下雨天。。。。 · age_up feudal |
| 12:32 | Cuchillos Guantanamera · first_building Archery Range |
| 12:40 | Cambo · first_market_sell 100 wood |
| 12:41 | 下雨天。。。。 · first_building Dock |
| 12:49 | hungyh · age_up feudal |
| 14:08 | hungyh · wall_segment Stone Wall x11 |
| 14:30 | 下雨天。。。。 · wall_segment Stone Wall x3 |
| 15:01 | reckem3 · first_building Barracks |
| 15:08 | Cambo · age_up castle |
| 15:30 | _Suko_ · age_up castle |
| 15:45 | Cambo · first_market_buy 100 stone |
| 16:07 | 下雨天。。。。 · age_up castle |
| 16:14 | reckem3 · first_building Archery Range |
| 16:28 | hungyh · age_up castle |
| 16:33 | reckem3 · age_up castle |
| 16:59 | Cambo · first_building Barracks |
| 17:03 | 下雨天。。。。 · first_building Castle |
| 17:38 | Cuchillos Guantanamera · age_up castle |
| 18:08 | Cuchillos Guantanamera · wall_segment Stone Wall x1 |
| 18:12 | Cuchillos Guantanamera · wall_segment Stone Wall x1 |
| 18:49 | ALmotema · age_up castle |
| 19:14 | Cambo · first_building Stable |
| 19:18 | reckem3 · first_market_buy 500 food |
| 19:23 | 下雨天。。。。 · wall_segment Stone Wall x13 |
| 19:46 | Yoryi · age_up castle |
| 20:03 | hungyh · first_building Siege Workshop |
| 20:16 | _Suko_ · wall_segment Stone Wall x7 |
| 21:41 | 下雨天。。。。 · first_building Siege Workshop |
| 22:22 | 下雨天。。。。 · first_building Barracks |
| 24:23 | reckem3 · first_market_sell 100 wood |
| 24:26 | hungyh · wall_segment Stone Wall x9 |
| 24:28 | hungyh · wall_segment Stone Wall x7 |
| 24:30 | hungyh · wall_segment Stone Wall x1 |
| 24:50 | reckem3 · first_building Siege Workshop |
| 24:58 | _Suko_ · first_building Castle |
| 25:23 | ALmotema · first_building Barracks |
| 25:40 | ALmotema · first_building Monastery |
| 26:18 | hungyh · first_market_buy 100 stone |
| 26:20 | hungyh · first_building Castle |
| 26:26 | 下雨天。。。。 · first_market_sell 100 wood |
| 26:30 | Yoryi · first_building Monastery |
| 26:39 | ALmotema · first_building Stable |
| 26:46 | ALmotema · first_market_sell 500 wood |
| 26:47 | _Suko_ · first_market_buy 100 food |
| 27:09 | _Suko_ · first_building Barracks |
| 27:21 | hungyh · first_market_sell 100 food |
| 27:35 | Cuchillos Guantanamera · first_building Siege Workshop |
| 27:48 | ALmotema · first_building Castle |
| 28:11 | _Suko_ · first_building Stable |
| 28:15 | _Suko_ · first_building Archery Range |
| 28:22 | ALmotema · first_building Siege Workshop |
| 28:31 | Yoryi · first_building Castle |
| 28:48 | Cambo · first_building Siege Workshop |
| 28:58 | reckem3 · first_building Monastery |
| 29:01 | Cambo · first_building Monastery |
| 29:20 | 下雨天。。。。 · first_building Stable |
| 29:32 | ALmotema · age_up imperial |
| 30:05 | _Suko_ · age_up imperial |
| 30:07 | Yoryi · first_building Barracks |
| 30:19 | _Suko_ · first_market_sell 100 wood |
| 30:22 | 下雨天。。。。 · age_up imperial |
| 30:41 | Yoryi · age_up imperial |
| 30:56 | Yoryi · first_building Archery Range |
| 31:07 | reckem3 · first_building Castle |
| 31:43 | hungyh · age_up imperial |
| 32:22 | Cambo · age_up imperial |
| 32:42 | Cuchillos Guantanamera · first_building Monastery |
| 33:29 | Cambo · first_building Castle |
| 33:35 | hungyh · first_building Barracks |
| 33:53 | 下雨天。。。。 · first_building Archery Range |
| 35:19 | reckem3 · age_up imperial |
| 36:09 | Cuchillos Guantanamera · age_up imperial |
| 38:12 | 下雨天。。。。 · first_building Monastery |
| 38:25 | hungyh · wall_segment Stone Wall x1 |
| 39:25 | Cuchillos Guantanamera · first_market_sell 500 wood |
| 39:26 | hungyh · first_building Archery Range |
| 45:53 | ALmotema · tribute_sent a jugador 1 |
| 45:53 | ALmotema · tribute_sent a jugador 2 |
| 45:53 | ALmotema · tribute_sent a jugador 3 |
| 45:53 | ALmotema · tribute_sent a jugador 4 |
| 45:53 | ALmotema · tribute_sent a jugador 5 |
| 45:53 | ALmotema · tribute_sent a jugador 7 |
| 45:53 | ALmotema · tribute_sent a jugador 8 |
| 46:23 | Cuchillos Guantanamera · tribute_sent a jugador 2 |
| 46:23 | Cuchillos Guantanamera · tribute_sent a jugador 3 |
| 46:23 | Cuchillos Guantanamera · tribute_sent a jugador 4 |
| 46:23 | Cuchillos Guantanamera · tribute_sent a jugador 5 |
| 46:23 | Cuchillos Guantanamera · tribute_sent a jugador 6 |
| 46:23 | Cuchillos Guantanamera · tribute_sent a jugador 7 |
| 46:23 | Cuchillos Guantanamera · tribute_sent a jugador 8 |
| 47:36 | reckem3 · wall_segment Stone Wall x1 |
| 47:40 | reckem3 · wall_segment Stone Wall x1 |
| 49:49 | Cuchillos Guantanamera · tribute_sent a jugador 2 |
| 49:49 | Cuchillos Guantanamera · tribute_sent a jugador 3 |
| 49:49 | Cuchillos Guantanamera · tribute_sent a jugador 4 |
| 49:49 | Cuchillos Guantanamera · tribute_sent a jugador 5 |
| 49:49 | Cuchillos Guantanamera · tribute_sent a jugador 6 |
| 49:49 | Cuchillos Guantanamera · tribute_sent a jugador 7 |
| 49:49 | Cuchillos Guantanamera · tribute_sent a jugador 8 |
| 50:39 | reckem3 · resign |
[ AI ANALYSIS · 1 CREDIT ]
What really happened in this match?
Wolo.gg analyzes every decision: build order, eco, micro, common mistakes by bracket. Personalized analysis on WhatsApp or Discord in 30 seconds.
Civ guide
Britons
Map guide
Black Forest
Perfil
Jugador #5320540